Map: 粉红之都 - 天梯版

Players

TIME (Oliveira) - Winner!

  • Race: Terran Terran
  • Spawn Location: 1:00

INnoVation

  • Race: Terran Terran
  • Spawn Location: 7:00

Event: 2018 Hangzhou StarCraft Carnival

VOD

Have the link to the VOD?

Description

Time

  • Played on: April 29, 2018, 1:54 a.m.
  • Length: 5:23

All games in this series

Show
View Real Time Build Order
Export as new Build Order

TIME Terran - Winner!

Build Orders: Cyclone Opening 

Get SALT Encoding   

  12  0:00  SCV  
  13  0:12  SCV  
  14  0:17  Supply Depot  
  14  0:24  SCV  
  14  0:28  Refinery  
  15  0:39  SCV  
  16  0:45  Barracks  
  16  0:51  SCV  
  16  0:55  Refinery  
  17  1:03  SCV  
  18  1:15  SCV  
  19  1:32  Reaper, Orbital Command  
  20  1:35  Factory  
  20  1:44  Supply Depot  
  20  1:58  SCV  
  21  2:04  Reaper  
  22  2:10  SCV  
  23  2:19  Cyclone  
  26  2:30  SCV, Command Center  
  27  2:38  Barracks Reactor  
  27  2:42  SCV  
  28  2:45  Supply Depot  
  28  2:51  Cyclone  
  31  3:06  SCV  
  32  3:19  SCV  
  33  3:31  SCV  
  33  3:33  Cyclone  
  37  3:42  Cyclone, Orbital Command  
  37  3:43  SCV  
  41  3:49  Barracks Tech Lab  
  41  3:53  Command Center  
  41  3:55  SCV  
  42  4:05  Cyclone  
  42  4:07  SCV  
  46  4:11  SCV  
  46  4:14  Cyclone  
  46  4:15  Supply Depot  
  50  4:19  SCV  
  51  4:24  Supply Depot  
  51  4:34  SCV  
  51  4:37  Cyclone  
  55  4:40  SCV  
  56  4:46  Cyclone, Refinery  
  56  4:48  SCV, Refinery  
  60  4:56  SCV  
  61  5:00  SCV  
  62  5:08  SCV  
Show
View Real Time Build Order
Export as new Build Order

INnoVation Terran 

Build Orders: Cyclone Opening 

Get SALT Encoding   

  12  0:00  SCV  
  13  0:13  SCV  
  14  0:17  Supply Depot  
  14  0:25  SCV  
  15  0:29  Refinery  
  15  0:39  SCV  
  16  0:44  Barracks  
  16  0:51  SCV  
  16  0:56  Refinery  
  17  1:03  SCV  
  18  1:15  SCV  
  19  1:31  Orbital Command, Factory  
  19  1:35  Reaper  
  20  1:45  Supply Depot  
  20  1:57  SCV  
  21  2:07  Reaper  
  22  2:09  SCV  
  23  2:16  Hellion  
  25  2:25  Command Center  
  25  2:27  SCV  
  26  2:37  Cyclone  
  26  2:39  Barracks Reactor  
  26  2:40  SCV  
  30  2:52  Starport  
  30  2:53  SCV  
  31  3:10  Supply Depot  
  31  3:13  Factory Tech Lab  
  31  3:22  Marine x2  
  31  3:23  SCV  
  34  3:35  SCV, Raven  
  34  3:37  Orbital Command  
  37  3:42  Bunker  
  37  3:44  Factory Tech Lab  
  37  3:47  SCV  
  38  3:59  SCV  
  39  4:03  SCV  
  39  4:08  Marine x2  
  43  4:11  SCV  
  43  4:15  SCV  
  42  4:17  Raven  
  42  4:23  SCV  
  45  4:25  Command Center  
  45  4:30  SCV  
  46  4:35  SCV  
  49  4:41  Refinery  
  49  4:42  Refinery  
  49  4:44  SCV  
  47  4:47  SCV  
  47  4:48  Factory Reactor  
  47  4:49  Barracks  
  47  4:50  Barracks  
  48  4:53  Marine  
  48  4:56  SCV  
  48  4:59  SCV  
  51  5:07  Engineering Bay  
  51  5:08  Engineering Bay  
Tags
 
Add a new tag
Caveats
  • Supply blocks, unpowered buildings, or Contaminate may cause inaccurate times.
  • Supply counts are checked every 10 seconds.